 Dungeon Crawl Stone Soup version 0.28.0-43-g3370ac3207 (webtiles) character file.

Game seed: 17373583155986914756

12 mcbry74 the Chopper (level 2, 26/26 HPs)
             Began as a Hill Orc Fighter on Mar 10, 2022.
             Was a Follower of Fedhas.
             Quit the game on level 1 of the Dungeon.
             The game lasted 00:01:44 (430 turns).

mcbry74 the Chopper (Hill Orc Fighter)               Turns: 430, Time: 00:01:44

Health: 26/26      AC:  6    Str: 18    XL:     2   Next: 33%
Magic:  2/2        EV:  9    Int:  8    God:    Fedhas [*.....]
Gold:   0          SH:  4    Dex: 10    Spells: 1/1 levels left

rFire   . . .      SeeInvis .   a - +0 war axe
rCold   . . .      Faith    .   c - +0 buckler
rNeg    . . .      Spirit   .   b - +0 scale mail
rPois   .          Reflect  .   (no helmet)
rElec   .          Harm     .   (no cloak)
rCorr   .          Rampage  .   (no gloves)
Will    .....                   (no boots)
Stlth   ..........              (no amulet)
HPRegen 0.08/turn               (no ring)
MPRegen 0.08/turn               (no ring)

@: no status effects
A: no striking features
a: Renounce Religion


You were on level 1 of the Dungeon.
You worshipped Fedhas.
Fedhas was aware of your devotion.
You visited 1 branch of the dungeon, and saw 1 of its levels.

Inventory:

Hand Weapons
 a - a +0 war axe (weapon)
Armour
 b - a +0 scale mail (worn)
 c - a +0 buckler (worn)
 i - a +0 pair of gloves
Scrolls
 e - a scroll of vulnerability {unknown}
 f - a scroll of magic mapping {unknown}
 g - a scroll of immolation {unknown}
 h - a scroll of fear {unknown}
 j - a scroll of enchant armour {unknown}
Potions
 d - a potion of might


   Skills:
 - Level 3.6 Fighting
 + Level 4.0 Axes
 - Level 3.2 Armour
 - Level 3.2 Shields


You had one spell level left.
You didn't know any spells.
Your spell library was empty.

Dungeon Overview and Level Annotations

Branches:
Dungeon (1/15)

Altars:
Fedhas


Message History

The frilled lizard bites you but does no damage.
You hit the frilled lizard but do no damage.
The frilled lizard bites you.
You hit the frilled lizard but do no damage.
The frilled lizard bites you but does no damage.
You block the frilled lizard's attack.
You barely miss the frilled lizard.
The frilled lizard bites you but does no damage.
You slash the frilled lizard!
You kill the frilled lizard!
Fedhas appreciates your contribution to the ecosystem.
You see here a frilled lizard corpse.
You hit the rat.
The rat is severely wounded.
The rat bites you. The rat closely misses you.
You completely miss the rat.
The rat is severely wounded.
You block the rat's attack.
You hit the rat.
You kill the rat!
Fedhas appreciates your contribution to the ecosystem.
You see here a rat corpse.
You see here a frilled lizard corpse.
Found 25 bolts.
A hobgoblin comes into view.
The hobgoblin shouts!
The hobgoblin hits you but does no damage.
You closely miss the hobgoblin.
The hobgoblin hits you but does no damage.
You slash the hobgoblin!
You kill the hobgoblin!
Fedhas appreciates your contribution to the ecosystem.
Your Axes skill increases to level 4!
You see here a hobgoblin corpse.
You see here 25 bolts.
A bat comes into view.
The bat closely misses you.
A giant cockroach comes into view.
Unknown command.
Are you sure you want to abandon this character and quit the game? (Confirm with "yes".)

#####†# ...#(#
#.#.# #...#
##.### #...#
####...######
#............
#....@b..###
............#
####.##...##B...
#. #...# .... #
#.... ### ......
##..... #.....
.. #.#


You could see a giant cockroach (wandering) and a bat.

Vanquished Creatures
  An endoplasm (D:1)
  3 goblins (D:1)
  A hobgoblin (D:1)
  A kobold (D:1)
  A quokka (D:1)
  A frilled lizard (D:1)
  3 rats (D:1)
11 creatures vanquished.

Notes
Turn   | Place    | Note
-------+----------+-------------------------------------------
     0 | D:1      | mcbry74 the Hill Orc Fighter began the quest for the Orb.
     0 | D:1      | Reached XP level 1. HP: 19/19 MP: 1/1
    17 | D:1      | Reached skill level 3 in Axes
   134 | D:1      | Reached XP level 2. HP: 26/26 MP: 2/2
   287 | D:1      | Found a faded altar of an unknown god.
   313 | D:1      | Prayed at the altar of an unknown god.
   313 | D:1      | Became a worshipper of Fedhas Madash
   313 | D:1      | Reached * piety under Fedhas
   418 | D:1      | Reached skill level 4 in Axes
   430 | D:1      | Quit the game

Illustrated notes

Levels and vault maps discovered:
D:1:      tarquinn_simple_flora_water_f, layout_loops_ring,
          hellmonk_ecumenical_altar_lost_god, roderic_lattice_a,
          minmay_fountain_box

Skill      XL: |  1  2 |
---------------+-------+-----
Axes           | 3 4 |  4.0
Fighting       | |  3.6
Armour         | |  3.2
Shields        | |  3.2

Action                   || total
-------------------------++-------
Melee: War axe           ||    23
Armor: Scale mail        ||     7
Dodge: Dodged            ||     7
Block: Buckler           ||     3
